 Dungeon Crawl Stone Soup version 0.29.0-13-gc9e81de378 (webtiles) character file.

Game seed: 6320806844583888934

230706 ytrimaz the Tortoise (level 18, -4/178 HPs)
             Began as a Minotaur Fighter on Sept 11, 2022.
             Was an Initiate of Gozag.
             Drowned by a water elemental (8 damage)
             ... summoned by Ilsuiw
             ... on level 3 of the Shoals.
             The game lasted 01:06:17 (37969 turns).

ytrimaz the Tortoise (Minotaur Fighter)            Turns: 37969, Time: 01:06:18

Health: -4/178     AC: 38    Str: 29    XL:     18   Next: 77%
Magic:  17/17      EV:  6    Int:  2    God:    Gozag
Gold:   1773       SH: 13    Dex: 14    Spells: 17/17 levels left

rFire   + . .      SeeInvis .   x - +4 broad axe (venom)
rCold   + + +      Faith    .   r - +0 kite shield {reflect}
rNeg    + + +      Spirit   .   D - +5 gold dragon scales "Doify" {rElec rPois rF+ rC+ Str+4 Int-4}
rPois   +          Reflect  +   (helmet restricted)
rElec   +          Harm     .   s - +1 cloak "Osig" {rN++}
rCorr   +          Rampage  .   H - +0 pair of gloves {Str+3}
Will    +++..                   j - +2 pair of boots of Midsummer {+Blink rC++ Str-4}
Stlth   ..........              X - amulet of regeneration
HPRegen 1.19/turn               u - ring of protection from fire
MPRegen 0.15/turn               Z - ring of Keuz {rPois rF- rN+ Will++ rCorr}

@: engulfed (cannot breathe), gold aura, mesmerised, studying 2 skills
A: horns 2, retaliatory headbutt, hooves 1, iridescent scales 1, agile 1
}: 1/15 runes: serpentine
a: Renounce Religion, Evoke Blink, Potion Petition, Call Merchant, Bribe Branch


You were on level 3 of the Shoals.
You worshipped Gozag.
Gozag was most pleased with you.
You visited 7 branches of the dungeon, and saw 32 of its levels.
You visited the Abyss 1 time.
You also visited: Gauntlet, Ice Cave and Volcano.

You collected 11868 gold pieces.
You spent 2797 gold pieces at shops.
You paid 7298 gold pieces to Gozag.

Inventory:

Hand Weapons
 x - a +4 broad axe of venom (weapon)
 Y - the +8 war axe of Xurrel {holy, Int+4}
   (You bought it in a shop on level 1 of the Snake Pit)

   It has been blessed by the Shining One to cause great damage to the undead
   and demons.
   Int:       It affects your intelligence (+4).
Missiles
 b - 8 silver javelins
 f - 19 javelins
 F - 26 boomerangs (quivered)
 S - 2 boomerangs of dispersal
Armour
 e - a +3 kite shield of protection
 j - the +2 pair of boots of Midsummer (worn) {+Blink rC++ Str-4}
   (You found it in a Gauntlet)

   Str:       It affects your strength (-4).
   rC:        It greatly protects you from cold.
   +Blink:    It lets you blink.
 r - a +0 kite shield of reflection (worn)
 s - the +1 cloak "Osig" (worn) {rN++}
   (You bought it in a shop on level 1 of the Orcish Mines)

   rN:        It greatly protects you from negative energy.
 D - the +5 gold dragon scales "Doify" (worn) {rElec rPois rF+ rC+ Str+4 Int-4}
   (You acquired it on level 7 of the Dungeon)

   Str:       It affects your strength (+4).
   Int:       It affects your intelligence (-4).
   rF:        It protects you from fire.
   rC:        It protects you from cold.
   rElec:     It insulates you from electricity.
   rPois:     It protects you from poison.
 H - a +0 pair of gloves of strength (worn)
Jewellery
 c - an amulet of magic regeneration
 h - an amulet of the acrobat
 u - a ring of protection from fire (left hand)
 L - a +6 ring of intelligence
 M - a ring of poison resistance
 R - a ring of protection from cold
 X - an amulet of regeneration (around neck)
 Z - the ring of Keuz (right hand) {rPois rF- rN+ Will++ rCorr}
   (You bought it in a shop on level 1 of the Snake Pit)

   [ring of poison resistance]

   rF:        It makes you vulnerable to fire.
   rPois:     It protects you from poison.
   rN:        It protects you from negative energy.
   rCorr:     It protects you from acid and corrosion.
   Will:      It greatly increases your willpower.
Wands
 p - a wand of mindburst (40)
 w - a wand of polymorph (41)
 G - a wand of light (7)
 I - a wand of paralysis (11)
 K - a wand of digging (13)
 N - a wand of iceblast (22)
 P - a wand of flame (40)
Scrolls
 d - 3 scrolls of silence
 l - 9 scrolls of butterflies
 q - 6 scrolls of poison
 y - 5 scrolls of immolation
 z - 19 scrolls of teleportation
 A - 5 scrolls of noise
 C - 4 scrolls of magic mapping
 Q - 4 scrolls of fear
 V - a scroll of summoning
 W - 4 scrolls of blinking
Potions
 a - a potion of mutation
 g - 10 potions of cancellation
 i - 3 potions of berserk rage
 k - 6 potions of flight
 m - 9 potions of lignification
 n - 2 potions of invisibility
 o - 4 potions of ambrosia
 t - 6 potions of magic
 B - 6 potions of curing
 E - a potion of might
 J - 3 potions of brilliance
 O - 7 potions of heal wounds
 T - 3 potions of haste
 U - 2 potions of resistance


   Skills:
 - Level 20.0 Fighting
 - Level 18.0 Axes
 + Level 19.8 Throwing
 - Level 20.0 Armour
 - Level 14.0 Shields


You had 17 spell levels left.
You didn't know any spells.
Your spell library contained the following spells:

 Spells                   Type           Power      Damage    Failure   Level
 Apportation              Tloc           0%         N/A       100%        1
 Foxfire                  Conj/Fire      0%         2x1d4     100%        1
 Magic Dart               Conj           0%         1d3       100%        1
 Necrotise                Necr           0%         1d4       100%        1
 Sting                    Tmut/Pois      0%         1d3       100%        1
 Summon Small Mammal      Summ           0%         N/A       100%        1
 Blink                    Tloc           0%         N/A       100%        2
 Call Imp                 Summ           0%         N/A       100%        2
 Poisonous Vapours        Pois/Air       0%         N/A       100%        2
 Scorch                   Fire           0%         2d5       100%        2
 Searing Ray              Conj           0%         2d4       100%        2
 Sublimation of Blood     Necr           0%         N/A       100%        2
 Wereblood                Tmut           0%         N/A       100%        2
 Call Canine Familiar     Summ           0%         N/A       100%        3
 Confusing Touch          Hex            0%         N/A       100%        3
 Conjure Flame            Conj/Fire      0%         6-21      100%        3
 Gell's Gravitas          Tloc           0%         N/A       100%        3
 Ignite Poison            Fire/Tmut/Pois 0%         N/A       100%        3
 Inner Flame              Hex/Fire       0%         N/A       100%        3
 Mephitic Cloud           Conj/Pois/Air  0%         N/A       100%        3
 Ozocubu's Armour         Ice            0%         N/A       100%        3
 Portal Projectile        Hex/Tloc       0%         N/A       100%        3
 Stone Arrow              Conj/Erth      0%         3d7       100%        3
 Summon Guardian Golem    Hex/Summ       0%         N/A       100%        3
 Teleport Other           Tloc           0%         N/A       100%        3
 Vampiric Draining        Necr           0%         2d6       100%        3
 Anguish                  Hex/Necr       0%         N/A       100%        4
 Animate Armour           Summ/Erth      0%         N/A       100%        4
 Flame Wave               Conj/Fire      0%         2d4       100%        4
 Fulminant Prism          Conj/Hex       0%         3d6       100%        4
 Ice Form                 Ice/Tmut       0%         N/A       100%        4
 Leda's Liquefaction      Hex/Erth       0%         N/A       100%        4
 Olgreb's Toxic Radiance  Pois           0%         N/A       100%        4
 Sticky Flame             Conj/Fire      0%         2d3       100%        4
 Summon Ice Beast         Ice/Summ       0%         N/A       100%        4
 Agony                    Necr           0%         N/A       100%        5
 Borgnjor's Vile Clutch   Necr/Erth      0%         N/A       100%        5
 Lee's Rapid Deconstruct  Erth           0%         3d5*      100%        5
 Metabolic Englaciation   Hex/Ice        0%         N/A       100%        5
 Summon Mana Viper        Hex/Summ       0%         N/A       100%        5
 Yara's Violent Unravell  Hex/Tmut       0%         3d3       100%        5
 Statue Form              Tmut/Erth      0%         N/A       100%        6
 Summon Cactus Giant      Summ           0%         N/A       100%        6
 Enfeeble                 Hex            0%         N/A       100%        7
 Monstrous Menagerie      Summ           0%         N/A       100%        7
 Summon Hydra             Summ           0%         N/A       100%        7
 Lehudib's Crystal Spear  Conj/Erth      0%         10d2      100%        8
 Polar Vortex             Ice            0%         N/A       100%        9
 Animate Dead             Necr           Unusable   N/A       N/A         4
 Simulacrum               Ice/Necr       Unusable   N/A       N/A         6

Dungeon Overview and Level Annotations

Branches:
Dungeon (15/15)            Temple (1/1) D:6            Lair (5/5) D:11
 Shoals (3/4) Lair:3        Snake (4/4) Lair:3        Slime (0/5) Lair:4
    Orc (2/2) D:10            Elf (2/3) Orc:2        Vaults (0/5) D:14
 Depths (0/4) D:15          IceCv (visited)         Volcano (visited)
Gauntlet (visited)

Altars:
Ashenzari
Cheibriados
Dithmenos
Elyvilon
Fedhas
Gozag
Hepliaklqana
Kikubaaqudgha
Makhleb
Nemelex Xobeh
Okawaru
Qazlal
Ru
Sif Muna
Trog
Uskayaw
Vehumet
Wu Jian
Xom
Yredelemnul
Zin
The Shining One

Shops:
D:11 [   Orc:1 *   Orc:2 =*!=   Elf:1 (   Lair:1 (   Lair:5 =   Snake:1 (=*
Snake:2 =:=[   Snake:4 *

Annotations:
D:2 Terence
D:14 exclusion: orange crystal statue
Shoals:3 Ilsuiw, Louise


Innate Abilities, Weirdness & Mutations

You have a pair of horns on your head.
You reflexively headbutt those who attack you in melee.
You have large cloven feet.
You are partially covered in iridescent scales. (AC +2)
You are agile. (Dex +4, Str/Int -1)


Message History

The merfolk javelineer throws a javelin.
The javelin pierces through you!
* * * LOW HITPOINT WARNING * * *
The javelin closely misses Ilsuiw.
The merfolk impaler hits you with a +4 trident!
* * * LOW HITPOINT WARNING * * *
Ilsuiw gestures wildly while chanting.
Ilsuiw blinks!
You block the water elemental's attack.
Items here: $ ( ) [.
Unknown command.
Unknown command.
You cannot read scrolls while unable to breathe!
Unknown command.
You feel much better.
* * * LOW HITPOINT WARNING * * *
Your lungs strain for air!
The merfolk impaler hits you but does no damage.
The merfolk siren chants its luring song.
The merfolk javelineer throws a javelin.
The javelin pierces through you!
* * * LOW HITPOINT WARNING * * *
The merfolk impaler hits you with a +4 trident!
* * * LOW HITPOINT WARNING * * *
The water elemental barely misses you.
Unknown command.
Unknown command.
Unknown command.
Unknown command.
Unknown command.
Okay, then.
You cannot read scrolls while unable to breathe!
Unknown command.
Okay, then.
Unknown command.
Unknown command.
You cannot read scrolls while unable to breathe!
Okay, then.
You fail to use your ability.
You die...
Your body crumbles into a pile of gold.

......$.~≈~~≈≈≈≈≈≈≈≈≈~~
~.$.....~≈~~≈≈≈≈≈≈≈≈≈≈~≈
........~~~~≈≈≈~≈≈≈≈≈≈≈~
##.~...~~~~~≈≈~~~~~~≈≈≈≈
##.~...~~~~~~~...~~~≈≈≈≈
...~~~~~~~~~~~~...~~≈≈≈≈
..~~~~~~~~.~~~..>.~~≈≈#
~~~~~~~~~~~.....m~~~≈≈#
~~≈≈≈~~~.~~~..~E@mm~≈≈#
≈≈≈≈≈≈~~~~~~~~~~~~~~≈≈≈≈
≈≈≈≈≈≈~~~~~~~~~~~~~~≈≈≈≈
≈≈≈≈≈≈~~~~~~~~~~~~~≈≈≈≈≈
≈≈≈≈≈≈~~~~~~~~~~~~≈≈≈≈≈≈
≈≈≈≈≈≈≈≈~~≈≈≈≈~~~≈≈≈≈≈≈≈
≈≈≈≈≈≈≈≈≈≈≈≈≈≈≈m≈≈≈≈≈≈≈≈
≈≈≈≈≈≈≈≈≈≈≈≈≈≈≈≈≈
≈≈≈≈≈≈≈≈≈≈≈≈≈≈≈


You could see Ilsuiw (very poisoned), a merfolk impaler, a merfolk javelineer
(very poisoned), a water elemental (summoned) and a merfolk siren (mesmerising).

Vanquished Creatures
  Saint Roka (Snake:4)
  Jorgrun (Snake:3)
  2 quicksilver dragons (Snake:4)
  3 krakens
  A tentacled starspawn (Abyss:3)
  Kirke (Lair:4)
  Donald (Shoals:3)
  3 nagarajas
  2 deep elf sorcerers
  Aizul (Snake:2)
  5 very ugly things (Abyss:3)
  A minotaur (Gauntlet)
  Snorg (D:12)
  A deep elf death mage (Elf:1)
  Josephine (D:11)
  3 merfolk impalers
  4 merfolk javelineers
  A fire dragon (Volcano)
  Fannar (D:11)
  A vault guard (D:14)
  5 boulder beetles
  12 hydras
  4 salamander tyrants
  Erica (D:8)
  11 anacondas
  2 catoblepae
  12 naga warriors
  6 dancing weapons (Elf:1)
  6 centaur warriors
  A tengu warrior (D:14)
  A two-headed ogre (D:12)
  3 alligator snapping turtles
  6 death yaks (Lair:2)
  2 merfolk aquamancers (Shoals:2)
  A thrashing horror (Abyss:3)
  Nergalle (D:11)
  14 naga sharpshooters
  3 orc high priests (Orc:2)
  Sonja (D:11)
  A sun demon (D:14)
  Amaemon (D:11)
  7 shock serpents
  A soul eater (D:14)
  5 deep elf knights (Elf:1)
  3 salamander mystics
  5 skeletal warriors
  A glowing orange brain (Gauntlet)
  19 sea snakes
  A death drake (Gauntlet)
  A flayed ghost (D:15)
  4 lindwurms (Volcano)
  10 naga ritualists
  4 deep elf archers (Elf:1)
  9 harpies (Shoals:2)
  A spectral wolf spider (Gauntlet)
  A tengu zombie (D:15)
  5 orc knights (Orc:2)
  7 deep elf zephyrmancers (Elf:1)
  A frost giant zombie (D:15)
  8 mana vipers
  Pikel (D:7)
  3 wolf spider zombies (D:12)
  9 deep elf pyromancers
  3 necromancers
  4 cyclopes
  An oklob plant (D:11)
  An iron dragon zombie (D:15)
  4 orc sorcerers (Orc:2)
  8 fauns
  A spectral centaur (Gauntlet)
  5 centaur zombies (D:12)
  18 ugly things
  5 elephants (Lair:5)
  19 salamanders
  4 manticores
  9 guardian serpents
  A torpor snail (Lair:3)
  6 water nymphs
  Joseph (D:7)
  28 black mambas
  3 ice statues (IceCv)
  6 merfolk sirens
  16 naga magi
  A gargoyle (D:14)
  4 orange demons
  4 smoke demons
  6 cane toads
  An efreet (D:14)
  4 ice devils
  A yaktaur (D:15)
  Maggie (D:8)
  A freezing wraith (D:15)
  6 komodo dragons
  3 kobold demonologists (D:12)
  3 rime drakes
  4 tengu conjurers (D:14)
  An anaconda simulacrum (IceCv)
  A hellwing (D:14)
  An ancient zyme (Abyss:3)
  A red devil (D:14)
  18 merfolk
  6 hornets
  7 trolls
  3 polar bears
  Prince Ribbit (D:7)
  3 wind drakes
  5 slime creatures (D:14)
  11 dream sheep (Lair:5)
  11 blink frogs
  4 meliai zombies (D:12)
  7 snapping turtles
  An air elemental (Elf:1)
  13 spriggans (Lair:5)
  A centaur simulacrum (D:15)
  9 vampires (D:12)
  A ynoxinul (Abyss:3)
  5 shadows
  9 wraiths
  2 wyverns (Lair:2)
  A spriggan skeleton (D:15)
  4 water elementals
  4 large abominations
  A dire elephant simulacrum (IceCv)
  4 hogs (Lair:4)
  62 yaks
  4 basilisks
  A basilisk (shapeshifter) (D:14)
  2 neqoxecs (Abyss:3)
  Grum (D:8)
  6 steam dragons
  5 vampire mosquitoes
  2 death yak simulacra (IceCv)
  38 nagas
  3 wargs
  An acid dragon (D:9)
  A spectral hornet (Gauntlet)
  Duvessa (D:7)
  11 water moccasins
  4 black bears
  16 orc warriors
  An ice beast (D:6)
  2 sky beasts
  7 ogres
  45 wolves
  5 boggarts (Lair:5)
  A phantom (D:7)
  10 centaurs
  2 lemures (D:7)
  7 kobold brigands
  8 bullfrogs
  4 elf zombies (Elf:1)
  2 necrophages (D:7)
  A cane toad simulacrum (IceCv)
  5 gnoll sergeants
  3 scorpions (D:6)
  A small abomination (Abyss:3)
  Dowan (D:7)
  12 wights
  2 elephant simulacra (IceCv)
  3 howler monkeys
  15 electric eels
  A crimson imp (Abyss:3)
  8 starcursed masses
  4 jellies
  2 hounds
  17 orc priests
  A boggart zombie (D:12)
  5 iguanas
  2 gnoll boudas (D:5)
  19 orc wizards
  Robin (D:2)
  20 gnolls
  7 adders
  A shadow imp (D:7)
  5 white imps
  An ufetubus (Abyss:3)
  4 worms
  A dart slug (D:4)
  53 orcs
  11 endoplasms
  3 giant cockroaches
  13 goblins
  7 hobgoblins
  10 kobolds
  5 quokkas
  8 ball pythons
  4 bats
  2 frilled lizards
  9 rats
  4 tentacles
1075 creatures vanquished.

Vanquished Creatures (collateral kills)
  A frilled lizard (D:3)
  A kobold (D:3)
2 creatures vanquished.

Vanquished Creatures (others)
  3 deep elf knights (Elf:1)
  A deep elf pyromancer (Elf:1)
  5 deep elf zephyrmancers (Elf:1)
  A steam dragon (Volcano)
  An orc wizard (Orc:2)
  An orc (Orc:2)
  6 demonic plants (D:14)
  21 fungi
  81 plants
  A starspawn tentacle (Abyss:3)
  19 tentacles
  10 withered plants
150 creatures vanquished.

Grand Total: 1227 creatures vanquished

Notes
Turn   | Place    | Note
-------+----------+-------------------------------------------
     0 | D:1      | ytrimaz the Minotaur Fighter began the quest for the Orb.
     0 | D:1      | Reached XP level 1. HP: 19/19 MP: 0/0
   282 | D:1      | Reached XP level 2. HP: 27/27 MP: 1/1
   562 | D:1      | Found a faded altar of an unknown god.
  1075 | D:2      | Noticed Robin
  1078 | D:2      | Reached XP level 3. HP: 34/34 MP: 2/2
  1080 | D:2      | Killed Robin
  1167 | D:2      | Noticed Terence
  1398 | D:2      | Reached XP level 4. HP: 41/41 MP: 3/3
  1492 | D:2      | Reached skill level 5 in Fighting
  1925 | D:2      | Found a hide-covered altar of Uskayaw.
  2044 | D:3      | Found an opulent altar of Gozag.
  2087 | D:3      | Reached XP level 5. HP: 36/48 MP: 4/4
  2283 | D:3      | Reached skill level 5 in Axes
  2566 | D:3      | Identified a scroll of acquirement
  2617 | D:3      | Acquired a manual of Armour
  2728 | D:4      | Noticed a centaur
  2738 | D:4      | Killed a centaur
  2739 | D:4      | Reached XP level 6. HP: 53/57 MP: 5/5
  2798 | D:4      | Reached skill level 5 in Armour
  2813 | D:4      | Reached XP level 7. HP: 22/64 MP: 6/6
  3605 | D:4      | Found a sparkling altar of Nemelex Xobeh.
  3781 | D:5      | Entered Level 5 of the Dungeon
  4561 | D:5      | Reached XP level 8. HP: 57/74 MP: 7/7
  4751 | D:5      | Found a shadowy altar of Dithmenos.
  5563 | D:6      | Found a staircase to the Ecumenical Temple.
  5592 | Temple   | Entered the Ecumenical Temple
  5998 | D:3      | Became a worshipper of Gozag Ym Sagoz the Greedy
  6299 | D:6      | Found a hide-covered altar of Uskayaw.
  6566 | D:7      | Reached skill level 10 in Armour
  6612 | D:7      | Reached XP level 9. HP: 71/84 MP: 8/8
  6864 | D:7      | Noticed Pikel
  6867 | D:7      | Noticed Joseph
  6883 | D:7      | Killed Pikel
  6884 | D:7      | Reached skill level 10 in Fighting
  6895 | D:7      | Killed Joseph
  6896 | D:7      | Reached skill level 10 in Axes
  7494 | D:7      | Noticed Dowan
  7497 | D:7      | Noticed Duvessa
  7503 | D:7      | Killed Dowan
  7508 | D:7      | Killed Duvessa
  7780 | D:7      | Noticed Prince Ribbit
  7793 | D:7      | Killed Prince Ribbit
  7885 | D:7      | Acquired the +5 gold dragon scales "Doify" {rElec rPois rF+
                  | rC+ Str+4 Int-4}
  7957 | D:8      | Reached XP level 10. HP: 86/94 MP: 9/9
  8120 | D:8      | Found a burning altar of Makhleb.
  8234 | D:8      | Noticed Grum
  8252 | D:8      | Killed Grum
  8462 | D:8      | Noticed Erica
  8485 | D:8      | Killed Erica
  8486 | D:8      | Noticed Maggie
  8494 | D:8      | Killed Maggie
  8893 | D:8      | Found an ornate altar of the Wu Jian Council.
  8913 | D:8      | Found a white marble altar of Elyvilon.
  9328 | D:9      | Found an iron altar of Okawaru.
  9398 | D:9      | Reached skill level 15 in Armour
 10105 | D:9      | Reached XP level 11. HP: 105/105 MP: 10/10
 10398 | D:10     | Entered Level 10 of the Dungeon
 10408 | D:10     | Found a radiant altar of Vehumet.
 11135 | D:10     | Found a staircase to the Orcish Mines.
 11554 | D:11     | Noticed Nergalle
 11571 | D:11     | Killed Nergalle
 11577 | D:11     | Found a gate leading to a gauntlet.
 11584 | Gauntlet | Entered a Gauntlet
 11584 | Gauntlet | Noticed a necromancer
 11584 | Gauntlet | Found a transporter.
 11584 | Gauntlet | Found a transporter.
 11720 | Gauntlet | Found a transporter.
 11723 | Gauntlet | Found a transporter.
 11723 | Gauntlet | Found a transporter.
 11723 | Gauntlet | Found a transporter.
 11725 | Gauntlet | Noticed a death drake
 11737 | Gauntlet | Found a transporter.
 11738 | Gauntlet | Found a transporter.
 11747 | Gauntlet | Found a transporter.
 11747 | Gauntlet | Noticed a glowing orange brain
 11747 | Gauntlet | Found the +3 crown of Dyrovepreva {rElec Int+2 SInv}
 11848 | Gauntlet | Found a transporter.
 11852 | Gauntlet | Found a transporter.
 11862 | Gauntlet | Found a transporter.
 11862 | Gauntlet | Noticed a white ugly thing
 11864 | Gauntlet | Noticed a white ugly thing
 12034 | Gauntlet | Killed a death drake
 12146 | Gauntlet | Got the Anthology of Beguiling
 12338 | Gauntlet | Lost intelligence.
 12351 | Gauntlet | Killed a glowing orange brain
 12352 | Gauntlet | Killed a brown ugly thing
 12353 | Gauntlet | Killed a white ugly thing
 12376 | Gauntlet | Identified the amulet of Fuemag {*Slow rElec rF- Regen+
                  | Str+8}
 12531 | Gauntlet | Identified the -2 tower shield "Dothuth" {Str+3}
 12531 | Gauntlet | Noticed a minotaur
 12794 | Gauntlet | Killed a minotaur
 12795 | Gauntlet | Reached XP level 12. HP: 25/99 MP: 11/11
 12821 | Gauntlet | Identified the +2 pair of boots of Midsummer {+Blink rC++
                  | Str-4}
 12874 | Gauntlet | Got the Guide on Superposition
 12922 | D:11     | Found Cheibriados's Comfort Zone.
 12929 | D:11     | Found a snail-covered altar of Cheibriados.
 13021 | D:11     | Noticed Amaemon
 13040 | D:11     | Killed Amaemon
 13109 | D:11     | Found a staircase to the Lair.
 13109 | D:11     | Noticed Josephine
 13125 | D:11     | Killed Josephine
 13154 | D:11     | Noticed Sonja
 13175 | D:11     | Killed Sonja
 13222 | D:11     | Noticed Fannar
 13240 | D:11     | Killed Fannar
 13329 | D:11     | Reached skill level 15 in Fighting
 13630 | D:12     | Noticed a five-headed hydra
 13665 | D:12     | Noticed a boulder beetle
 13692 | D:12     | Killed a boulder beetle
 13712 | D:12     | Reached skill level 15 in Axes
 13735 | D:12     | Noticed a two-headed ogre
 13746 | D:12     | Killed a two-headed ogre
 13801 | D:12     | Killed an 11-headed hydra
 13881 | D:12     | Noticed a boulder beetle
 13892 | D:12     | Killed a boulder beetle
 13976 | D:12     | Reached XP level 13. HP: 107/128 MP: 12/12
 14050 | D:12     | Noticed Snorg
 14060 | D:12     | Killed Snorg
 15181 | Orc:1    | Entered Level 1 of the Orcish Mines
 15237 | Orc:1    | Bought a blackened cloak for 332 gold pieces
 15237 | Orc:1    | Identified the +1 cloak "Osig" {rN++} (You bought it in a
                  | shop on level 1 of the Orcish Mines)
 15376 | Orc:2    | Entered Level 2 of the Orcish Mines
 15381 | Orc:2    | Paralysed by an orc sorcerer for 3 turns
 15741 | Orc:2    | Found Ekhudepn's Jewellery Shoppe.
 15741 | Orc:2    | Found Tuiguyl's Jewellery Shop.
 16048 | Orc:2    | Found Hid Caot's Distillery.
 16048 | Orc:2    | Found Vofees's General Store.
 16081 | Orc:2    | Found a staircase to the Elven Halls.
 16384 | Elf:1    | Entered Level 1 of the Elven Halls
 16511 | Lair:1   | Entered Level 1 of the Lair of Beasts
 16519 | Lair:1   | Found a dark tunnel.
 16594 | Volcano  | Entered a volcano
 16723 | Volcano  | Found the +2 cloak of the Thief {*Fog Slay-2 SInv Stlth+}
 16723 | Volcano  | Noticed a fire dragon
 16734 | Volcano  | Killed a fire dragon
 16735 | Volcano  | Reached XP level 14. HP: 111/141 MP: 13/13
 17870 | Orc:2    | Bought a +6 ring of intelligence for 468 gold pieces
 19068 | Lair:3   | Identified the +7 long sword "Vuqyptos" {vorpal, rCorr}
 19083 | Lair:3   | Found a staircase to the Snake Pit.
 19126 | Lair:3   | Found a frozen archway.
 19146 | IceCv    | Entered an ice cave
 19855 | Lair:3   | Found a staircase to the Shoals.
 20460 | Lair:4   | Found a runed translucent door.
 20531 | Lair:4   | Noticed Kirke
 20550 | Lair:4   | Killed Kirke
 21381 | Lair:4   | Found a staircase to the Slime Pits.
 21430 | Lair:5   | Entered Level 5 of the Lair of Beasts
 21685 | Lair:5   | Reached XP level 15. HP: 155/155 MP: 14/14
 21709 | Lair:5   | Reached skill level 5 in Shields
 22743 | Lair:5   | Reached skill level 10 in Shields
 23134 | Lair:5   | Bought an amulet of regeneration for 420 gold pieces
 23761 | D:14     | Identified the +5 sling of Regicide {freeze, rF+ Will+
                  | Str+4 Int+4}
 24796 | D:14     | Found a gate to the Vaults.
 25209 | D:15     | Entered Level 15 of the Dungeon
 25278 | D:15     | Reached skill level 1 in Throwing
 25534 | D:15     | Reached XP level 16. HP: 162/162 MP: 15/15
 25592 | D:15     | Found a staircase to the Depths.
 25869 | D:15     | Identified the +2 whip "Diatsodd" {pain, Dex+9}
 26384 | Elf:1    | Reached skill level 5 in Throwing
 27160 | Elf:1    | Got Woukh's Lessons on Exhumation
 27463 | Abyss:3  | Cast into level 3 of the Abyss (a deep elf sorcerer)
 27539 | Abyss:3  | Gained mutation: Your magical capacity is low. (-10% MP) [a
                  | neqoxec]
 27770 | Abyss:3  | Gained mutation: You are clumsy. (Dex -2) [a neqoxec]
 27802 | Abyss:3  | Reached skill level 10 in Throwing
 27812 | Abyss:3  | Noticed a tentacled starspawn
 27827 | Abyss:3  | Killed a tentacled starspawn
 27883 | Elf:2    | Escaped the Abyss
 28081 | Elf:1    | Lost mutation: Your magical capacity is low. (-10% MP)
                  | [potion of mutation]
 28081 | Elf:1    | Lost mutation: You are clumsy. (Dex -2) [potion of
                  | mutation]
 28081 | Elf:1    | Gained mutation: You have sharp fingernails. [potion of
                  | mutation]
 28081 | Elf:1    | Gained mutation: Armour fits poorly on your strangely
                  | shaped body. [potion of mutation]
 28083 | Elf:1    | Lost mutation: Armour fits poorly on your strangely shaped
                  | body. [potion of mutation]
 28083 | Elf:1    | Lost mutation: You have sharp fingernails. [potion of
                  | mutation]
 28083 | Elf:1    | Gained mutation: You are frail. (-10% HP) [potion of
                  | mutation]
 28083 | Elf:1    | Gained mutation: You are somewhat resistant to further
                  | mutation. [potion of mutation]
 28083 | Elf:1    | Gained mutation: Your mind is acute. (Int +4, Str/Dex -1)
                  | [potion of mutation]
 28083 | Elf:1    | Gained mutation: Your skin changes colour to match your
                  | surroundings (Stealth+). [potion of mutation]
 28084 | Elf:1    | Lost mutation: You are somewhat resistant to further
                  | mutation. [potion of mutation]
 28084 | Elf:1    | Lost mutation: Your skin changes colour to match your
                  | surroundings (Stealth+). [potion of mutation]
 28084 | Elf:1    | Lost mutation: You are frail. (-10% HP) [potion of
                  | mutation]
 28084 | Elf:1    | Gained mutation: You occasionally lose the ability to drink
                  | potions when taking damage. [potion of mutation]
 28084 | Elf:1    | Gained mutation: You are clumsy. (Dex -2) [potion of
                  | mutation]
 28270 | Snake:1  | Entered Level 1 of the Snake Pit
 28482 | Snake:1  | Found Zebiebre's Antique Weapon Shop.
 28508 | Snake:1  | Found Taad's Jewellery Boutique.
 28558 | Snake:1  | Found Adualutoam's General Store.
 28562 | Snake:1  | Bought a transparent hand axe for 176 gold pieces
 28562 | Snake:1  | Identified the +5 hand axe "Ultimatum" {holy, rPois Str+4}
                  | (You bought it in a shop on level 1 of the Snake Pit)
 28562 | Snake:1  | Bought a faintly glowing war axe for 187 gold pieces
 28562 | Snake:1  | Identified the +8 war axe of Xurrel {holy, Int+4} (You
                  | bought it in a shop on level 1 of the Snake Pit)
 28566 | Snake:1  | Bought the ring of Keuz {rPois rF- rN+ Will++ rCorr} for
                  | 569 gold pieces
 29157 | Snake:2  | Found Jecotiaz's Antique Armour Boutique.
 29184 | Snake:2  | Bought a pair of embroidered gloves for 277 gold pieces
 29275 | Snake:2  | Noticed Aizul
 29295 | Snake:2  | Killed Aizul
 29364 | Snake:2  | Reached XP level 17. HP: 150/170 MP: 16/16
 30334 | Snake:2  | Found Sepruvekk's Book Shoppe.
 30335 | Snake:2  | Found Emav Nigg's Jewellery Boutique.
 30335 | Snake:2  | Found Kiqiugyt's Jewellery Boutique.
 31245 | Snake:3  | Found a shadowy altar of Dithmenos.
 31357 | Snake:3  | Reached skill level 15 in Throwing
 31485 | Snake:3  | Got the Collected Works on Hoarfrost
 32279 | Snake:3  | Noticed Jorgrun
 32292 | Snake:3  | Killed Jorgrun
 32963 | Snake:4  | Entered Level 4 of the Snake Pit
 32985 | Snake:4  | Noticed Saint Roka
 33004 | Snake:4  | Killed Saint Roka
 33009 | Snake:4  | Noticed a quicksilver dragon
 33012 | Snake:4  | Noticed a quicksilver dragon
 33158 | Snake:4  | Killed a quicksilver dragon
 33567 | Snake:4  | Reached XP level 18. HP: 172/178 MP: 17/17
 34075 | Snake:4  | Found Quub's Assorted Antiques.
 34699 | Snake:4  | Got a serpentine rune of Zot
 34962 | Orc:2    | Bought a potion of mutation for 128 gold pieces
 34962 | Orc:2    | Bought a potion of heal wounds for 80 gold pieces
 34962 | Orc:2    | Bought a potion of haste for 160 gold pieces
 34964 | Orc:2    | Lost mutation: You occasionally lose the ability to drink
                  | potions when taking damage. [potion of mutation]
 34964 | Orc:2    | Lost mutation: You are clumsy. (Dex -2) [potion of
                  | mutation]
 34964 | Orc:2    | Lost mutation: Your mind is acute. (Int +4, Str/Dex -1)
                  | [potion of mutation]
 34964 | Orc:2    | Gained mutation: You occasionally lose the ability to read
                  | scrolls when taking damage. [potion of mutation]
 35146 | Shoals:1 | Entered Level 1 of the Shoals
 35689 | Shoals:1 | Lost mutation: You occasionally lose the ability to read
                  | scrolls when taking damage. [potion of mutation]
 35689 | Shoals:1 | Gained mutation: You are partially covered in iridescent
                  | scales. (AC +2) [potion of mutation]
 35689 | Shoals:1 | Gained mutation: You are agile. (Dex +4, Str/Int -1)
                  | [potion of mutation]
 35689 | Shoals:1 | Gained mutation: You have large cloven feet. [potion of
                  | mutation]
 37337 | Shoals:3 | Noticed Donald
 37357 | Shoals:3 | Killed Donald
 37622 | Shoals:3 | Noticed Ilsuiw
 37634 | Shoals:3 | Noticed Louise
 37968 | Shoals:3 | HP: 4/178 [merfolk impaler/+4 trident[Ilsuiw] (10)]
 37969 | Shoals:3 | Drowned by a water elemental

Illustrated notes

Levels and vault maps discovered:
D:1:      eino_arrival_druids_welcome, layout_basic,
          shapermc_ecumenical_altar_pompeii
D:2:      layout_loops_ring, basic_altar, minivault_19,
          small_statue_intersection, kennysheep_potato, uniq_robin, uniq_terence
D:3:      layout_basic, grunt_gozag_breadcrumbs
D:4:      layout_loops_ring, nemelex_dance_club_becter,
          minmay_misc_feat_diagonals, minmay_misc_feat_roman
D:5:      layout_basic, kennysheep_mini_moat, minmay_manual_mess
D:6:      layout_loops_ring, mainiacjoe_overflow_boulevard,
          minmay_temple_entry_gardened_gates
D:7:      layout_gridville, minmay_liquid_box, uniq_joseph, uniq_duvessa,
          uniq_pikel, uniq_prince_ribbit1
D:8:      layout_cave_pools, mainiacjoe_overflow_six_doors_small,
          elyvilon_altar_3, pdpol_wu_jian_five_deadly_venoms,
          grunt_ministairs_10, kennysheep_boxes, uniq_grum, uniq_erica,
          uniq_maggie
D:9:      layout_basic, okawaru_trees_2
D:10:     layout_basic, old_standard_altar,
          kennysheep_orc_monster_closet_entryway, fungi_pond_lemuel,
          fungi_pond_lemuel
D:11:     layout_loops_ring, dpeg_oklobed_lair, gauntlet_entry_generic,
          minmay_shop_chei, uniq_sonja, uniq_amaemon, uniq_josephine,
          uniq_fannar, uniq_nergalle
D:12:     layout_basic, serial_undead, serial_undead_d, serial_undead_b,
          serial_undead_e, serial_undead_c, serial_undead_b, serial_undead_d,
          serial_undead_e, serial_undead_a, serial_undead_d, serial_undead_a,
          minmay_misc_feat_room, uniq_snorg
D:13:     layout_roguey
D:14:     layout_long_grid, david_vaults_5, serial_demonic, serial_demonic_g,
          serial_demonic_e, serial_demonic_e, serial_demonic_b,
          chequers_serial_rivers_large_a, minmay_statue_bubble
D:15:     gammafunk_depths_entry_grave, layout_long_grid, serial_bayou_shore_b
Temple:   cyrus_circular_temple
Lair:1:   layout_regular_city, nicolae_volcano_entry_two_sided,
          lemuel_fruit_fields
Lair:2:   layout_gridlike
Lair:3:   layout_loops_ring, elwin_shoals_entry_stream,
          guppyfry_snake_entry_garden, portal_ice_cave_demonic_guard,
          minivault_26, eino_small_chamber_without_monster
Lair:4:   layout_cave_pods, slime_entry_2, uniq_kirke
Lair:5:   minmay_lair_end_enchanted_forest, layout_layer_cave,
          serial_bayou_pond_c
Shoals:1: layout_shoals
Shoals:2: layout_shoals, nicolae_shoals_cliffside_cave,
          nicolae_shoals_kraken_intersection
Shoals:3: layout_shoals, uniq_louise, uniq_ilsuiw, uniq_donald
Snake:1:  layout_rooms, serial_bayou, serial_bayou_pond_c, serial_bayou_pond_e,
          serial_bayou_lake_a, serial_bayou_lagoon_a, minmay_shop_star
Snake:2:  layout_layer_cave, serial_shops, shop, nicolae_snake_naga_rites,
          minmay_shop_grove, uniq_aizul
Snake:3:  nrook_guardian_serpent_snake_passage, layout_onion, basic_altar,
          uniq_jorgrun
Snake:4:  hellmonk_snake_rune_quicksilver_temple, layout_cave_town,
          serial_shops, shop_statue, chequers_hall_statues_wall_a,
          uniq_saint_roka
Orc:1:    layout_diamond_mine, serial_shops, nicolae_square_shop,
          guppyfry_library_mini
Orc:2:    grunt_orc_tribal_feast, layout_diamond_mine
Elf:1:    layout_geoelf_octagon, minmay_elf_necromancy, grunt_megastairs_1
Elf:2:    nicolae_elf_blades_crystal_corner, layout_loops_corners,
          solitary_fountain, lemuel_upstairs_altar, uniq_nikola

Skill      XL: |  1  2  3  4  5  6  7  8  9 10 11 12 13 14 15 16 17 18 |
---------------+-------------------------------------------------------+-----
Fighting       | 4 5 6 7 9 10 12 14 15 17 20 | 20.0
Axes           | 3 4 5 6 7 9 10 12 13 15 16 18 | 18.0
Armour         | 4 5 8 10 13 15 16 18 19 20 | 20.0
Shields        | 14 | 14.0
Throwing       | 2 12 17 19 | 19.8

Action                   |  1- 3 |  4- 6 |  7- 9 | 10-12 | 13-15 | 16-18 || total
-------------------------+-------+-------+-------+-------+-------+-------++-------
Melee: War axe           |    70 |     8 |   200 |   529 |   260 |       ||  1067
       Headbutt          |     9 |    19 |    59 |   117 |   287 |   367 ||   858
       Hand axe          |       |    96 |    91 |       |       |       ||   187
       Broad axe         |       |       |       |       |   888 |  1493 ||  2381
       Unarmed           |       |       |       |       |    13 |       ||    13
Throw: Boomerang         |       |       |       |       |     5 |   132 ||   137
       Dart              |       |       |       |       |     3 |       ||     3
       Javelin           |       |       |       |       |       |     9 ||     9
Invok: Potion Petition   |       |       |       |     2 |     3 |     3 ||     8
       Call Merchant     |       |       |       |       |     3 |     1 ||     4
Evoke: Wand              |       |       |       |    14 |     6 |       ||    20
  Use: Scroll            |     5 |     6 |    14 |     7 |    13 |     7 ||    52
       Potion            |       |     1 |     1 |     7 |     4 |     8 ||    21
 Stab: Distracted        |       |       |     2 |     4 |    15 |     6 ||    27
       Invisible         |       |       |       |       |    11 |    12 ||    23
Armor: Scale mail        |     4 |       |       |       |       |       ||     4
       Chain mail        |    46 |    63 |   130 |       |       |       ||   239
       Gold dragon scale |       |       |     9 |   490 |  1215 |  1044 ||  2758
Dodge: Dodged            |    28 |    46 |    89 |   142 |   386 |   299 ||   990
Block: Buckler           |    20 |    23 |    49 |   101 |   291 |       ||   484
       Kite shield       |       |       |       |       |    48 |  1010 ||  1058
       Reflection        |       |       |       |       |       |     5 ||     5
